 Dungeon Crawl Stone Soup version 0.13.1-19-g4b9377e (webtiles) character file.

227 Kae the Sneak (level 4, -11/21 HPs)
             Began as a Spriggan Enchanter on Dec 19, 2013.
             Killed by an exploding giant spore (25 damage)
             ... set off by themself
             ... on Level 3 of the Dungeon.
             The game lasted 00:03:47 (2043 turns).

Kae the Sneak (Spriggan Enchanter)                  Turns: 2043, Time: 00:03:47

HP -11/21        AC  3     Str  5      XL: 4   Next: 36%
MP   4/12        EV 18     Int 16      God:
Gold 134         SH  0     Dex 16      Spells:  2 memorised,  4 levels left

Res.Fire  : . . .   See Invis. : +   a - +1 dagger {=f}
Res.Cold  : . . .   Warding    : .   b - +1 robe
Life Prot.: . . .   Conserve   : .   (shield restricted)
Res.Poison: .       Res.Corr.  : .   (helmet restricted)
Res.Elec. : .       Clarity    : .   (no cloak)
Sust.Abil.: . .     Spirit.Shd : .   (gloves unavailable)
Res.Mut.  : .       Stasis     : .   (boots unavailable)
Res.Rott. : .       Flight     : .   i - amulet of faith
Saprovore : . . .                    (no ring)
                                     (no ring)

@: confused, mildly poisoned, very quick, slightly resistant to hostile
enchantments, unstealthy
A: unfitting armour, see invisible, herbivore 3, speed 3, slow metabolism 2
a: no special abilities


You were on level 3 of the Dungeon.
You were not hungry.

You visited 1 branch of the dungeon, and saw 3 of its levels.

You collected 114 gold pieces.

Inventory:

Hand weapons
 a - a +1,+1 dagger (weapon) {=f}
 g - a +3,+2 elven dagger of speed
Missiles
 d - 49 darts (quivered)
Armour
 b - a +1 robe (worn)
Comestibles
 n - 13 sultanas
 p - an apple
Scrolls
 j - 2 scrolls of remove curse
 l - a scroll of curse armour {unknown}
 m - a scroll of noise {unknown}
 q - 2 scrolls of teleportation {unknown}
Jewellery
 i - an amulet of faith (around neck)
 k - an uncursed amulet of rage {unknown}
Potions
 e - a potion of porridge
 f - a potion of speed {unknown}
 h - 2 potions of heal wounds {unknown}
 o - a potion of curing {unknown}
Books
 c - a book of Maledictions

   Spells                             Type                      Level
   *Corona                            Hexes                        1
   Sure Blade                         Hexes/Charms                 2
   *Ensorcelled Hibernation           Hexes/Ice                    2
   Confuse                            Hexes                        3
   Enslavement                        Hexes                        4
   Invisibility                       Hexes                        6


   Skills:
 * Level 2.5 Short Blades
 - Level 1.1 Throwing
 - Level 3.0 Dodging
 * Level 4.9 Stealth
 + Level 2.2 Spellcasting
 + Level 4.3 Hexes


You had 4 spell levels left.
You knew the following spells:

 Your Spells              Type           Power        Failure   Level  Hunger
a - Corona                Hex            ###....      4%          1    #......
b - Ensorcelled Hibernat  Hex/Ice        #.....       14%         2    ##.....


Dungeon Overview and Level Annotations

Branches:
Dungeon (3/27)

Altars:
Elyvilon
Trog

Annotations:
D:3 ThorGoll's ghost, average HOFi


Innate Abilities, Weirdness & Mutations

You are tiny and cannot use many weapons and most armour.
You have supernaturally acute eyesight.
You are a herbivore.
You cover ground extremely quickly.
You need consume almost no food.


Message History

You feel sick.
q - 2 scrolls labeled UCAURCH ROVIW (gained 1)
You spend a moment contemplating the meaning of life.
A giant spore comes into view.
Found 8 gold pieces.
You spend a moment contemplating the meaning of life.
A giant spore is nearby!
You spend a moment contemplating the meaning of life.
A giant spore is nearby!
You spend a moment contemplating the meaning of life.
A giant spore is nearby!
Throwing (i - inventory. (,) - cycle):
d - 49 darts (quivered)
Press: ? - help, Shift-Dir - straight line, f - giant spore
Aim: a giant spore You throw a dart.
The dart hits the giant spore.
The giant spore explodes!
The explosion of spores engulfs you!
You are confused.
Ouch! That really hurt!
You die...

## ... #.. #.# ####
#.# #. ... #.#####.#
#. #.##..%....# ..
#...........
#.###.....$....#
#.....##@# ##...###.#
#....[...#
#....##.######.##
#%#.###..........
#######.#.###..###..##
#..................#
#.#####.#####.###.##
#.# #.# #.# #


There were no monsters in sight!

Vanquished Creatures
  Jessica (D:3)
  4 adders (D:3)
  A giant gecko (D:2)
  An orc (D:3)
  A ball python (D:1)
  A giant cockroach (D:1)
  6 goblins
  5 hobgoblins
  4 kobolds (D:1)
  5 bats
  A giant newt (D:1)
  8 rats
38 creatures vanquished.

Notes
Turn   | Place    | Note
--------------------------------------------------------------
     0 | D:1      | Kae, the Spriggan Enchanter, began the quest for the Orb.
     0 | D:1      | Reached XP level 1. HP: 9/9 MP: 4/4
   137 | D:1      | Reached XP level 2. HP: 13/13 MP: 6/6
  1140 | D:2      | Found a white marble altar of Elyvilon.
  1237 | D:2      | Found a bloodstained altar of Trog.
  1294 | D:2      | Reached XP level 3. HP: 16/16 MP: 9/9
  1493 | D:3      | Learned a level 2 spell: Ensorcelled Hibernation
  1594 | D:3      | Reached skill level 4 in Stealth
  1705 | D:3      | Noticed ThorGoll's ghost (average HOFi)
  1875 | D:3      | Noticed Jessica
  1977 | D:3      | Killed Jessica
  1977 | D:3      | Reached XP level 4. HP: 19/21 MP: 5/12
  2043 | D:3      | Killed by an exploding giant spore... set off by themself

Action                   |  1- 3 |  4- 6 || total
-------------------------+-------+-------++-------
Melee: Dagger            |   137 |     4 ||   141
Throw: Dart              |       |     1 ||     1
 Cast: Corona            |     7 |       ||     7
       Ensorcelled Hiber |     5 |     4 ||     9
  Use: Scroll            |     5 |       ||     5
 Stab: Sleeping          |     4 |     2 ||     6
